AoeStats
← Swareee

Glade

510422224Analyzed
1v1 RM · 17h ago on Sep 30, 2026· 21m 25s· 2 players
Game mode
Random Map
Map size
Tiny (2 player)
Population
200
Speed
Normal
Resources
Standard
Victory
Conquest
Starting age
Dark Age
Ending age
Imperial Age
RankedLock teamsTeams togetherTeam positionsShared explorationLock speedFull tech treeHidden civsTurbo modeCheats
Victory
Defeat
🇧🇷 Bengalis · Brazil
1777
+19
🇨🇳 Bohemians · China
1851
-19
Fs.Costinha
7:56 Loom
9:54 Feudal Age
11:08 Loom
14:43 Castle Age
15:44 Gold Mining
16:48 Redemption
19:07 Atonement
21:11 Sanctity
Swareee
10:30 Feudal Age
8:46 Loom
14:57 Castle Age
13:29 Double-Bit Axe
13:30 Loom
19:41 Redemption
20:47 Atonement
Connection lost

Rejoining the realm…

Still unreachable

The connection could not be restored.

Session expired

The server has moved on; the page needs a fresh start.